 Dungeon Crawl Stone Soup version 0.27-a0-1189-gb8eb6cee8e (webtiles) character file.

Game seed: 16949982864454755776

33 armax the Shield-Bearer (level 3, -1/33 HPs)
             Began as a Deep Dwarf Fighter on May 22, 2021.
             Slain by a gnoll
             ... wielding a +0 halberd
              (7 damage)
             ... on level 4 of the Dungeon.
             The game lasted 00:00:51 (561 turns).

armax the Shield-Bearer (Deep Dwarf Fighter)         Turns: 561, Time: 00:00:51

Health: -1/33      AC:  6    Str: 20    XL:     3   Next: 12%
Magic:  3/3        EV:  7    Int:  8    God:
Gold:   81         SH:  9    Dex: 12    Spells: 2/2 levels left

rFire    . . .     SeeInvis .   a - +0 war axe
rCold    . . .     Faith    .   c - +0 kite shield
rNeg     . . .     Spirit   .   b - +0 scale mail
rPois    .         Reflect  .   (no helmet)
rElec    .         Harm     .   (no cloak)
rCorr    .         Rampage  .   (no gloves)
Will     .....                  (no boots)
Stlth    ..........             (no amulet)
HPRegen  0.00/turn              (no ring)
MPRegen  0.08/turn              (no ring)

@: no status effects
A: damage resistance, heal wounds, sense surroundings 1, no regeneration
a: Heal Wounds


You were on level 4 of the Dungeon.
You visited 1 branch of the dungeon, and saw 4 of its levels.

You collected 81 gold pieces.

Inventory:

Hand Weapons
 a - a +0 war axe (weapon)
Missiles
 i - 7 boomerangs
Armour
 b - a +0 scale mail (worn)
 c - a +0 kite shield (worn)
Scrolls
 e - a scroll of teleportation {unknown}
 f - a scroll of holy word {unknown}
Potions
 d - a potion of might {@q3}
 g - a potion of mutation {unknown}
 h - a potion of berserk rage {unknown}
 j - a potion of degeneration {unknown}
 k - a potion of attraction {unknown}
 l - a potion of curing {unknown}


   Skills:
 + Level 2.9 Fighting
 * Level 2.9 Axes
 + Level 3.6 Armour
 * Level 3.8 Shields


You had 2 spell levels left.
You didn't know any spells.
Your spell library was empty.

Dungeon Overview and Level Annotations

Branches:
Dungeon (4/15)
 Temple: D:4-7

Altars:


Innate Abilities, Weirdness & Mutations

You are resistant to damage.
You can heal yourself by infusing magical energy.
You passively map a small area around you.
You do not regenerate.


Message History

You slash the jackal!
You kill the jackal!
You slash the jackal!
You kill the jackal!
No target in view!
No target in view!
No target in view!
No target in view!
No target in view!
No target in view!
No target in view!
No target in view!
No target in view!
No target in view!
No target in view!
No target in view!
No target in view!
No target in view!
You see here a jackal corpse.
An adder comes into view.
The adder hisses angrily.
An adder is nearby!
An adder is nearby!
A ball python comes into view.
The ball python hisses angrily.
You hit the adder. You block the adder's attack. The adder barely misses you.
You closely miss the adder. The adder completely misses you.
The adder bites you.
You hit the adder but do no damage. You hit the ball python.
You block the adder's attack.
The ball python bites you but does no damage.
You block the ball python's attack. The adder completely misses you.
You block the ball python's attack. The ball python grabs you.
The ball python constricts you.
You closely miss the ball python. You slash the adder!
You block the adder's attack. The ball python bites you.
The ball python constricts you. The adder bites you but does no damage.
You block the ball python's attack. The ball python constricts you.
You barely miss the ball python. You hit the adder.
You kill the adder!
The ball python barely misses you. The ball python constricts you.
The ball python bites you but does no damage.
The ball python constricts you.
You have reached level 3!
Your experience leads to an increase in your attributes!
Increase (s)trength, (i)ntelligence, or (d)exterity?
You feel stronger.
You slash the ball python!
You kill the ball python!
No target in view!
No target in view!
You see here a ball python corpse.
There is a stone staircase leading down here.
You climb downwards.
There is a stone staircase leading up here.
There is a stone staircase leading up here.
You now have 29 gold pieces (gained 15).
You now have 40 gold pieces (gained 11).
j - an inky potion
Found a stone staircase leading down.
You now have 54 gold pieces (gained 14).
Found 24 arrows.
k - a fizzy amethyst potion
l - a ring of fire No target in view!
No target in view!
No target in view!
No target in view!
No target in view!
No target in view!
No target in view!
Okay, then.
There are no items here.
Unknown command.
Unknown command.
Drop what? 12/52 slots (_ for help) (? for menu, Esc to quit)
You drop a ring of fire.
You now have 66 gold pieces (gained 12).
Found an escape hatch in the ceiling.
You now have 81 gold pieces (gained 15).
l - a metallic grey potion
Found a stone staircase leading up. 2 gnolls come into view.
The gnoll shouts! x2
A gnoll comes into view. It is wielding a +0 club.
Found a scroll labelled BEX UMPOENIPH.
The gnoll shouts!
You completely miss the gnoll. The gnoll barely misses you.
The gnoll hits you but does no damage.
You hit the gnoll. The gnoll hits you with a +0 flail!
You block the gnoll's attack. The gnoll hits you with a +0 flail!
You hit the gnoll but do no damage. You block the gnoll's attack.
The gnoll closely misses you. You block the gnoll's attack.
You closely miss the gnoll. The gnoll hits you with a +0 flail!
* * * LOW HITPOINT WARNING * * *
The gnoll hits you from afar with a +0 halberd.
* * * LOW HITPOINT WARNING * * *
You block the gnoll's attack.
The gnoll hits you from afar with a +0 halberd!
You die...

* * * * > , , .#.
###########** * *,*
#..##..@ggg.?..
#..##.#########
#..##.# #..##.#
#..##.#
#..##.####### #
#######............#
..
...<........######.#
#.. #######.#####
#.# #.#**


You could see 3 gnolls.

Vanquished Creatures
  An adder (D:3)
  3 endoplasms (D:1)
  A giant cockroach (D:1)
  2 goblins (D:1)
  8 jackals
  A ball python (D:3)
  2 bats
  2 kobolds
  A rat (D:2)
21 creatures vanquished.

Notes
Turn   | Place    | Note
-------+----------+-------------------------------------------
     0 | D:1      | armax the Deep Dwarf Fighter began the quest for the Orb.
     0 | D:1      | Reached XP level 1. HP: 20/20 MP: 1/1
    84 | D:1      | Reached XP level 2. HP: 25/27 MP: 2/2
   117 | D:2      | Found a faded altar of an unknown god.
   221 | D:2      | You fall into a shaft and drop 1 floor!
   424 | D:3      | Reached XP level 3. HP: 28/33 MP: 3/3
   561 | D:4      | Slain by a gnoll

Illustrated notes

Levels and vault maps discovered:
D:1:      dpeg_arrival_rooms_with_view, layout_rooms, serial_shops,
          nicolae_shop_crystal
D:2:      layout_rooms, shapermc_ecumenical_altar_notcrosses, minivault_27,
          uniq_natasha
D:3:      layout_basic, grunt_temple_overflow_open, ebering_ghost_inner_flame,
          roderic_st_hans_cross, solitary_fountain
D:4:      layout_loops_ring

Action                   || total
-------------------------++-------
Melee: War axe           ||    49
Armor: Scale mail        ||    23
Dodge: Dodged            ||    23
Block: Kite shield       ||    36

Table legend: (Time is in decaauts)
 A = Elapsed time spent in this place.
 B = Non-inter-level travel time spent in this place.
 C = Inter-level travel time spent in this place.
 D = Time resting spent in this place.
 E = Time spent auto-exploring this place.
 F = Levels seen in this place.
 G = Mean time per level.
                   A        B        C        D        E       F      G
               +--------+--------+--------+--------+--------+-----+--------+
         Total |    589 |    571 |     18 |      0 |    403 |   4 |  147.2 |
       Dungeon |    589 |    571 |     18 |      0 |    403 |   4 |  147.2 |
               +--------+--------+--------+--------+--------+-----+--------+

Top non-repeatable levels by time:
     D:3: 222 daAuts
     D:2: 142 daAuts
     D:4: 133 daAuts
     D:1: 91 daAuts
